Map: Year Zero LE

Players

Leandoer

  • Race: Zerg Zerg
  • Spawn Location: 1:00

BratOK (Brat_OK) - Winner!

  • Race: Terran Terran
  • Spawn Location: 11:00

Event: 2019 WCS Spring

VOD

Have the link to the VOD?

Description

Time

  • Played on: May 17, 2019, 6:46 a.m.
  • Length: 11:12

All games in this series

Show
View Real Time Build Order
Export as new Build Order

Leandoer Zerg 

Build Orders: Hatch First 

Get SALT Encoding   

  12  0:00  Drone  
  13  0:13  Overlord  
  13  0:18  Drone  
  14  0:31  Drone x2  
  16  0:51  Hatchery  
  16  0:53  Drone  
  16  0:56  Drone  
  17  0:59  Drone  
  18  1:10  Extractor  
  17  1:15  Spawning Pool  
  16  1:18  Drone  
  16  1:22  Drone  
  18  1:28  Drone  
  19  1:40  Drone  
  20  1:55  Overlord  
  20  2:02  Queen x2  
  20  2:03  Zergling x4  
  26  2:11  Metabolic Boost  
  26  2:14  Drone  
  27  2:16  Drone  
  28  2:23  Extractor  
  28  2:24  Drone  
  28  2:25  Drone  
  30  2:36  Drone  
  30  2:46  Drone x3  
  33  2:54  Drone  
  33  2:55  Pneumatized Carapace  
  34  2:59  Overlord  
  33  3:07  Drone x2  
  33  3:11  Drone  
  36  3:15  Overlord  
  36  3:17  Queen, Drone x2  
  40  3:22  Drone  
  40  3:27  Drone  
  42  3:32  Hatchery  
  41  3:34  Drone  
  41  3:37  Drone  
  41  3:40  Drone  
  44  3:42  Baneling Nest  
  44  3:44  Drone x2  
  44  3:46  Drone  
  46  3:52  Overlord  
  46  3:54  Queen  
  48  3:58  Queen  
  50  4:02  Overlord  
  50  4:07  Overlord  
  50  4:09  Drone  
  51  4:12  Drone  
  51  4:13  Drone  
  53  4:22  Overlord x2  
  53  4:26  Spore Crawler, Drone  
  53  4:29  Zergling x8  
  57  4:33  Zergling x2  
  57  4:35  Queen  
  60  4:40  Drone  
  60  4:42  Drone  
  62  4:47  Drone  
  62  4:51  Extractor  
  62  4:52  Drone x4  
  66  4:53  Evolution Chamber  
  66  4:54  Evolution Chamber, Drone  
  66  4:59  Baneling x2  
  65  5:02  Queen  
  65  5:03  Drone x2  
  65  5:05  Drone  
  65  5:06  Drone x2  
  67  5:15  Drone  
  67  5:16  Drone x3  
  67  5:19  Drone x3  
  69  5:22  Drone  
  69  5:23  Drone  
  69  5:27  Drone  
  71  5:37  Zerg Melee Weapons Level 1  
  71  5:40  Drone  
  71  5:41  Drone x4  
  76  5:43  Drone  
  76  5:46  Drone x2  
  79  5:50  Lair  
  79  5:54  Extractor  
  79  5:55  Zergling x4  
  72  6:09  Drone  
  72  6:10  Drone x5  
  75  6:12  Drone x6  
  75  6:13  Drone  
  75  6:15  Extractor  
  75  6:16  Extractor  
  75  6:17  Extractor  
  79  6:20  Zerg Ground Armor Level 1  
  79  6:25  Drone x3  
  80  6:30  Overlord  
  82  6:38  Hatchery  
  81  6:40  Overlord x3  
  81  6:49  Baneling  
  81  6:50  Baneling x3  
  81  6:52  Zergling x4  
  81  6:53  Zergling x12  
  89  7:00  Zergling x8  
  92  7:05  Drone  
  92  7:06  Drone  
  86  7:12  Drone x2  
  86  7:13  Drone x2  
  86  7:15  Drone  
  85  7:17  Centrifical Hooks  
  85  7:19  Drone  
  85  7:21  Hydralisk Den, Drone  
  85  7:25  Drone x4  
  85  7:26  Drone  
  85  7:27  Drone  
  91  7:36  Zerg Melee Weapons Level 2  
  82  7:44  Zergling x8  
  82  7:49  Zergling x10  
  87  7:56  Muscular Augments  
  87  7:58  Drone x5  
  92  8:04  Baneling x7  
  92  8:07  Zergling x12  
  96  8:13  Zergling x6  
  96  8:17  Hydralisk, Infestation Pit  
  100  8:21  Spore Crawler, Queen  
  100  8:23  Hydralisk  
  100  8:25  Zergling x4  
  100  8:42  Zergling x20  
  100  8:46  Zergling x2  
  100  8:47  Zergling x2  
  111  8:52  Drone  
  111  8:53  Drone  
  111  8:55  Overlord x5  
  112  8:56  Overlord x2  
  112  9:02  Zerg Missile Weapons Level 1  
  112  9:04  Hive  
  112  9:06  Baneling  
  112  9:07  Grooved Spines, Baneling x7  
  112  9:10  Overlord  
  112  9:15  Overlord  
  112  9:16  Overlord x2  
  112  9:18  Drone  
  112  9:19  Extractor, Drone x2  
  107  9:38  Hydralisk x7  
  84  9:39  Hydralisk x2  
  98  9:52  Zergling x2  
  92  9:53  Zergling x12  
  94  10:04  Zergling x8  
  94  10:05  Zergling x2  
  82  10:14  Drone x2  
  82  10:15  Drone x6  
  90  10:21  Drone  
  90  10:22  Drone x2  
  90  10:23  Drone  
  90  10:26  Drone  
  90  10:27  Drone  
  90  10:28  Drone  
  97  10:29  Drone  
  97  10:31  Drone  
  97  10:32  Drone  
  97  10:35  Baneling x3  
  100  10:36  Drone  
  100  10:39  Drone  
  100  10:41  Hydralisk  
Show
View Real Time Build Order
Export as new Build Order

BratOK Terran - Winner!

Build Orders: Gas First Reaper Expand, Liberator Opening 

Get SALT Encoding   

  12  0:00  SCV  
  13  0:13  SCV  
  14  0:18  Supply Depot  
  14  0:25  SCV  
  15  0:28  Refinery  
  15  0:39  SCV  
  16  0:45  Barracks  
  16  0:52  SCV  
  17  1:04  SCV  
  18  1:16  SCV  
  19  1:32  Reaper, Orbital Command  
  20  1:45  Command Center  
  20  1:55  Factory  
  20  1:59  SCV  
  21  2:06  Barracks Reactor  
  21  2:10  Refinery  
  21  2:14  SCV  
  22  2:17  Supply Depot  
  22  2:28  SCV  
  23  2:40  SCV  
  23  2:44  Starport  
  24  2:50  Hellion x2  
  28  2:53  SCV  
  29  3:00  Orbital Command  
  29  3:07  SCV  
  30  3:13  Hellion  
  30  3:17  Hellion  
  30  3:19  SCV  
  35  3:29  Viking  
  35  3:32  SCV  
  38  3:37  Supply Depot  
  38  3:41  Hellion, Liberator  
  40  3:44  SCV, Barracks Tech Lab  
  40  3:46  Hellion  
  43  3:49  SCV  
  44  3:57  SCV  
  44  4:00  Supply Depot  
  48  4:03  SCV  
  48  4:09  SCV  
  50  4:14  Barracks Tech Lab  
  50  4:15  SCV  
  51  4:20  Armory  
  51  4:22  SCV  
  51  4:24  Supply Depot  
  52  4:26  Hellion  
  52  4:27  SCV  
  52  4:28  Hellion  
  57  4:34  SCV  
  58  4:44  SCV  
  59  4:45  Command Center  
  59  4:50  SCV  
  60  4:59  SCV  
  61  5:02  SCV  
  61  5:03  Hellion x2  
  66  5:07  Supply Depot  
  66  5:11  SCV  
  65  5:14  SCV  
  66  5:23  SCV  
  66  5:24  Hellion x2  
  69  5:30  SCV  
  70  5:36  Factory  
  70  5:37  Factory  
  70  5:40  Factory  
  70  5:41  Factory  
  70  5:43  SCV  
  70  5:44  Refinery  
  70  5:45  Terran Vehicle And Ship Armor Level 1, Hellion  
  70  5:46  Hellion, Refinery  
  70  5:49  SCV  
  76  5:55  SCV  
  72  6:01  SCV, Starport Tech Lab, Barracks Reactor  
  69  6:07  SCV, Hellion  
  72  6:13  SCV, Orbital Command  
  70  6:21  SCV  
  70  6:24  Cyclone x2  
  77  6:27  SCV  
  77  6:31  Hellion x2  
  82  6:33  SCV  
  82  6:38  Cyclone  
  82  6:39  SCV  
  87  6:41  Supply Depot  
  87  6:44  Orbital Command  
  87  6:45  SCV  
  88  6:49  Mag-Field Accelerator  
  88  6:51  SCV, Hellion x2  
  93  7:00  SCV  
  92  7:02  Cyclone  
  92  7:03  SCV  
  92  7:04  Cyclone  
  92  7:05  Hellion  
  101  7:09  Hellion  
  101  7:11  Cyclone  
  101  7:13  Hellion  
  98  7:17  SCV x3  
  98  7:22  Supply Depot  
  97  7:25  Hellion  
  97  7:26  Refinery x2  
  97  7:28  Supply Depot  
  97  7:29  SCV x2  
  101  7:34  Drilling Claws, Supply Depot  
  101  7:43  SCV, Cyclone x2  
  109  7:44  Widow Mine x2  
  109  7:50  SCV x2  
  111  7:53  Cyclone  
  111  7:54  Hellion  
  111  7:55  SCV  
  111  7:56  Hellion, Liberator  
  119  8:00  Terran Vehicle And Ship Armor Level 2, Supply Depot x2  
  121  8:05  Hellion  
  121  8:08  SCV  
  122  8:15  Command Center  
  122  8:19  Supply Depot  
  125  8:20  Supply Depot  
  125  8:21  SCV x2, Engineering Bay  
  128  8:27  SCV  
  128  8:33  SCV  
  129  8:34  Cyclone x2  
  129  8:35  Hellion  
  129  8:38  SCV  
  138  8:42  Cyclone  
  138  8:43  Hellion x2  
  138  8:48  Factory, Barracks Reactor  
  145  8:49  Factory  
  145  8:50  Factory  
  145  8:52  SCV x2  
  147  8:55  Infernal Pre-Igniter  
  147  9:08  Cyclone x2  
  147  9:09  Hellion  
  155  9:10  SCV x2, Supply Depot  
  155  9:12  Supply Depot  
  157  9:27  Hellion x3, Cyclone  
  166  9:37  Hellion  
  166  9:38  SCV, Hellion  
  157  9:40  Cyclone, Orbital Command  
  157  9:41  Cyclone  
  157  9:45  Hellion  
  144  9:53  SCV  
  144  9:59  Cyclone  
  148  10:01  SCV  
  148  10:05  Factory Tech Lab  
  146  10:08  Factory Tech Lab  
  146  10:09  Hellion  
  146  10:13  Cyclone x2  
  152  10:17  Supply Depot  
  152  10:18  Supply Depot x2  
  152  10:21  Supply Depot  
  152  10:23  Command Center, Refinery  
  152  10:24  Refinery  
  152  10:29  Starport Reactor  
  152  10:31  Hellion x5, Cyclone  
  152  10:34  SCV  
  166  10:41  Supply Depot  
  166  10:43  Supply Depot x2  
  166  10:49  Widow Mine  
Tags
 
Add a new tag
Caveats
  • Supply blocks, unpowered buildings, or Contaminate may cause inaccurate times.
  • Supply counts are checked every 10 seconds.